AoeStats
← 🅳🆁🅸🆅🅴🆁

Black Forest

507975786Analyzed
2v2 RM · 12d ago on Sep 20, 2026· 68m 20s· 4 players
Game mode
Random Map
Map size
Medium (4 player)
Population
200
Speed
Normal
Resources
Standard
Victory
Conquest
Starting age
Dark Age
Ending age
Imperial Age
RankedLock teamsTeams togetherTeam positionsShared explorationLock speedFull tech treeHidden civsTurbo modeCheats
Victory
Defeat
🇨🇳 Bohemians · China
830
+13
🇨🇳 Mongols · China
798
+15
🇰🇷 Magyars · South Korea
884
-37
657
-14
🅳🆁🅸🆅🅴🆁
11:31 Feudal Age
20:24 Castle Age
18:36 Fletching
32:29 Padded Archer Armor
32:38 Scale Barding Armor
33:49 Bodkin Arrow
42:00 Man-at-Arms
42:55 Corvinian Army
45:31 Long Swordsman
47:30 Arson
-V- РОЗОВЫЙ НЕЖДАН
13:05 Feudal Age
13:41 Double-Bit Axe
13:38 Horse Collar
16:05 Arson
20:07 Castle Age
18:48 Scale Mail Armor
21:03 Bow Saw
20:48 Gold Mining
20:51 Stone Mining
25:34 Forging
26:34 Gold Shaft Mining
26:28 Fishing Lines
29:43 Gambesons
29:19 Man-at-Arms
33:22 Squires
32:43 Pikeman
34:04 Gillnets
37:59 Imperial Age
35:49 Long Swordsman
37:39 Treadmill Crane
38:09 Capped Ram
41:02 Halberdier
41:02 Two-Handed Swordsman
42:41 Loom
45:21 Elite Samurai
56:23 Bloodlines
55:33 Light Cavalry
56:16 Husbandry
57:53 Thumb Ring
58:14 Parthian Tactics
57:36 Cavalier
Joshua
0:39 Loom
12:33 Feudal Age
13:08 Double-Bit Axe
19:44 Castle Age
17:49 Horse Collar
19:50 Scale Mail Armor
21:56 Wheelbarrow
21:13 Town Watch
29:26 Wheelbarrow
28:59 Town Patrol
29:28 Fletching
29:03 Elite Skirmisher
31:01 Padded Archer Armor
31:33 Hand Cart
36:42 Imperial Age
36:06 Chemistry
36:14 Leather Archer Armor
35:54 Bodkin Arrow
36:02 Caravan
38:09 Ring Archer Armor
37:39 Bracer
37:55 Masonry
37:50 Siege Engineers
38:51 Forging
38:56 Chain Mail Armor
38:23 Pikeman
39:08 Squires
39:23 Wagenburg Tactics
39:47 Bow Saw
39:43 Heavy Plow
40:34 Conscription
42:08 Iron Casting
42:04 Plate Mail Armor
41:07 Houfnice
41:53 Halberdier
42:24 Arson
43:55 Blast Furnace
43:21 Elite Hussite Wagon
47:11 Two-Man Saw
54:42 Siege Engineers
55:00 Ballistics
58:07 Architecture
58:06 Bombard Tower
猫猫儿W
13:10 Feudal Age
13:52 Horse Collar
13:59 Double-Bit Axe
17:13 Castle Age
16:57 Scale Barding Armor
18:56 Bow Saw
19:25 Heavy Plow
25:06 Gold Mining
26:46 Wheelbarrow
26:51 Loom
30:56 Imperial Age
28:43 Hand Cart
28:17 Town Watch
28:50 Stone Mining
29:36 Gold Shaft Mining
29:44 Forging
30:00 Chain Barding Armor
29:42 Town Patrol
31:25 Stone Shaft Mining
31:47 Caravan
32:11 Bloodlines
33:04 Ballistics
33:44 Chemistry
32:07 Light Cavalry
32:48 Husbandry
32:41 Fletching
34:24 Bodkin Arrow
34:59 Conscription
35:06 Hussar
35:51 Nomads
36:26 Bracer
37:01 Iron Casting
36:28 Padded Archer Armor
36:58 Drill
37:41 Scale Mail Armor
38:04 Siege Engineers
37:29 Crossbowman
38:17 Thumb Ring
38:39 Parthian Tactics
39:29 Elite Mangudai
42:09 Blast Furnace
45:18 Masonry
46:41 Crossbowman
49:13 Arbalester
53:15 Chain Mail Armor
53:15 Leather Archer Armor
53:21 Man-at-Arms
54:02 Squires
54:52 Long Swordsman
55:43 Two-Handed Swordsman
57:55 Plate Mail Armor
57:27 Champion
59:33 Arson
59:09 Pikeman
60:26 Capped Ram
61:44 Siege Ram
61:44 Onager
61:44 Heavy Scorpion
Connection lost

Rejoining the realm…

Still unreachable

The connection could not be restored.

Session expired

The server has moved on; the page needs a fresh start.